 Seeded DCSS version 0.31-a0-339-gda1cbd555d (webtiles) character file.

Game seed: 14215367866634240820 (custom seed)

6328 innerfire43 the Cleaver (level 10, -12/71 (79) HPs)
             Began as a Demonspawn Monk on July 20, 2023.
             Was an Elder of Cheibriados.
             Mangled by a spectral orc knight
             ... wielding a +0 bardiche
             ... summoned by Nergalle
              (25 damage)
             ... on level 1 of the Orcish Mines.
             The game lasted 00:10:20 (6505 turns).

innerfire43 the Cleaver (Demonspawn Monk)           Turns: 6505, Time: 00:10:20

HP:   -12/71 (79)   AC: 12    Str: 26    XL:     10   Next: 64%
MP:   10/10         EV: 14    Int: 22    God:    Cheibriados [****..]
Gold: 383           SH: 10    Dex: 25    Spells: 9/9 levels left

rFire   . . .        p - +1 broad axe of Ligg {flame, *Slow Fly rElec rPois}
rCold   . . .        h - +0 buckler
rNeg    . . .        r - +4 troll leather armour {Pargi}
rPois   +            (helmet restricted)
rElec   +            (no cloak)
rCorr   +            O - +0 pair of gloves
SInv    .            n - +0 pair of boots
Will    .....        N - amulet of magic regeneration
Stlth   ++           v - ring of resist corrosion
HPRegen 1.11/turn    H - ring of poison resistance
MPRegen 0.52/turn

%: slow self (1%)
@: flying, heavily drained, very slow
A: horns 1, large bone plates 1, demonic guardian 2, icemail 1, condensation
shield
a: Renounce Religion, Bend Time, Temporal Distortion, Slouch


You were on level 1 of the Orcish Mines.
You worshipped Cheibriados.
Cheibriados was greatly pleased with you.
You visited 3 branches of the dungeon, and saw 11 of its levels.
You also visited: Sewer.

You collected 526 gold pieces.
You spent 143 gold pieces at shops.

Inventory:

Hand Weapons
 l - a +0 war axe
 p - the +1 broad axe of Ligg (weapon) {flame, *Slow Fly rElec rPois}
   (You acquired it on level 3 of the Dungeon)

   rElec:     It insulates you from electricity.
   rPois:     It protects you from poison.
   Fly:       It grants you flight.
   *Slow:     It may slow you when you take damage.
Missiles
 g - 5 silver javelins (quivered)
Armour
 d - an orb of light
 h - a +0 buckler (worn)
 j - a +2 helmet
 n - a +0 pair of boots (worn)
 r - a +4 troll leather armour (worn) {Pargi}
 O - a +0 pair of gloves (worn)
Jewellery
 v - a ring of resist corrosion (left hand)
 E - a ring of see invisible
 G - a ring of flight
 H - a ring of poison resistance (right hand)
 N - an amulet of magic regeneration (around neck)
Talismans
 z - a serpent talisman
Wands
 b - a wand of roots (19)
 q - a wand of mindburst (19)
 s - a wand of polymorph (26)
 y - a wand of quicksilver (17)
 D - a wand of paralysis (22)
 R - a wand of flame (30)
Scrolls
 a - 3 scrolls of poison {unknown}
 c - 2 scrolls of fog {unknown}
 e - 2 scrolls of enchant weapon
 i - 2 scrolls of amnesia
 k - 3 scrolls of identify
 o - 2 scrolls of teleportation {unknown}
 t - 2 scrolls of blinking {unknown}
 A - 3 scrolls of vulnerability
 C - a scroll of summoning
 F - 2 scrolls of fear
 L - a scroll of immolation
 Q - a scroll of revelation {unknown}
Potions
 f - 6 potions of curing {unknown}
 m - a potion of berserk rage {unknown}
 u - a potion of degeneration {unknown}
 w - a potion of lignification {unknown}
 x - a potion of attraction {unknown}
 B - 2 potions of haste {unknown}
 I - 2 potions of might {unknown}
 J - 3 potions of brilliance {unknown}
 K - 2 potions of heal wounds {unknown}
 M - a potion of magic {unknown}
 P - 2 potions of ambrosia


   Skills:
 + Level 7.4 Fighting
 * Level 9.5 Axes
 * Level 8.3 Armour
 - Level 4.0 Dodging
 + Level 4.5 Shields


You had 9 spell levels left.
You didn't know any spells.
Your spell library contained the following spells:

 Spells                   Type           Power      Damage    Failure   Level
 Apportation              Tloc           0%         N/A       22%         1
 Necrotise                Necr           0%         1d4       22%         1
 Sandblast                Erth           0%         2d4       22%         1
 Summon Small Mammal      Summ           0%         N/A       22%         1
 Passwall                 Tmut/Erth      0%         N/A       32%         2
 Sublimation of Blood     Necr           0%         N/A       32%         2
 Gell's Gravitas          Tloc           0%         N/A       54%         3
 Stone Arrow              Conj/Erth      0%         3d7       54%         3
 Teleport Other           Tloc           0%         N/A       54%         3
 Petrify                  Tmut/Erth      0%         N/A       91%         4
 Irradiate                Conj/Tmut      0%         3d11      99%         5
 Dispersal                Tloc           0%         N/A       100%        6


Dungeon Overview and Level Annotations

Branches:
Dungeon (9/15)             Temple (1/1) D:7            Lair (0/5) D:9
    Orc (1/2) D:9           Sewer (visited)

Altars:
Ashenzari
Cheibriados
Dithmenos
Fedhas
Gozag
Hepliaklqana
Kikubaaqudgha
Makhleb
Nemelex Xobeh
Okawaru
Qazlal
Ru
Sif Muna
Trog
Uskayaw
Vehumet
Wu Jian
Xom
Yredelemnul

Shops:
D:4 [   D:5 *   D:7 *   D:9 !

Annotations:
Orc:1 Nergalle


Innate Abilities, Weirdness & Mutations

You have a pair of small horns on your head.
You are partially covered in large bone plates. (SH +4)
A demonic guardian rushes to your aid.
A meltable icy envelope protects you from harm. (AC +0)
A meltable shield of frost defends you. (SH +0)


Message History

Unknown command.
You block the spectral orc knight's attack.
The spectral orc warrior closely misses you.
Items here: )))) [[[ †.
Nergalle gestures at you while chanting.
The bolt of negative energy hits you!!
You feel drained.
You block the spectral orc warrior's attack.
The spectral orc knight hits you from afar with a +0 bardiche!
You hit the spectral orc warrior but do no damage.
You hit something. You burn something.
Nergalle gestures at you while chanting.
Orcish apparitions take form around you.
You block something's attack.
Deactivating autopickup; reactivate with Ctrl-A.
The spectral orc knight hits you from afar with a +0 bardiche!!
* * * LOW HITPOINT WARNING * * *
You feel drained.
* * * LOW HITPOINT WARNING * * *
The spectral orc warrior closely misses you.
Unknown command.
You slash something! You burn something.
Cheibriados appreciates the change of pace.
Reactivating autopickup.
You feel a bit more experienced.
You slash the spectral orc warrior! You burn the spectral orc warrior.
You barely miss the spectral orc. You hit the spectral orc warrior.
You burn the spectral orc warrior. Nergalle casts a spell at you.
Orcish apparitions take form around you.
The spectral orc warrior misses you.
You block the spectral orc knight's attack.
The spectral orc closely misses you.
The spectral orc warrior hits you but does no damage.
Nergalle gestures at the spectral orc warrior while chanting.
The spectral orc warrior seems to speed up.
The spectral orc warrior hits you with a +1 long sword.
* * * LOW HITPOINT WARNING * * *
A demonic guardian appears!
You feel drained.
* * * LOW HITPOINT WARNING * * *
The spectral orc knight hits you from afar with a +0 bardiche!!
You die...

##.))#####
##.))####.##
##......#...###
#...........#.##
##.....>.......#
##Z##...$.......#
#.Z.Z.).......>.#
##.ZZZZ........##
##.@)##.......#
#.Z.o..........#
#..4...........#
#................
#............##....
#.......#....##
.... ##.#.........
##.......#.#


You could see Nergalle (ally target), 2 spectral orcs, 4 spectral orc warriors,
2 spectral orc knights and a friendly rust devil (summoned).

Vanquished Creatures
  Pikel (D:7)
  Maggie (D:7)
  A troll (Orc:1)
  A hornet (D:9)
  A wyvern (D:8)
  4 yaks
  A steam dragon (D:8)
  A water moccasin (D:7)
  Duvessa (D:7)
  Pargi (Sewer)
  2 ice beasts
  2 sky beasts
  3 black bears
  An ogre (Orc:1)
  5 orc warriors
  A centaur (D:8)
  2 lemures (D:7)
  A kobold brigand (D:8)
  A phantom (D:5)
  A bullfrog (D:9)
  3 scorpions
  A gnoll sergeant (D:9)
  5 wights (D:7)
  Dowan (D:7)
  3 killer bees (D:9)
  A howler monkey (D:9)
  5 hounds
  5 orc priests
  3 iguanas
  Ijyb (D:4)
  Terence (D:3)
  7 orc wizards
  8 gnolls
  4 adders
  2 white imps
  2 worms
  2 dart slugs
  30 orcs
  10 ball pythons
  9 endoplasms
  7 giant cockroaches
  9 goblins
  6 hobgoblins
  5 jackals (D:1)
  14 kobolds
  10 quokkas
  5 bats
  6 frilled lizards
  4 rats
201 creatures vanquished.

Vanquished Creatures (collateral kills)
  4 yaks (D:7)
  A steam dragon (D:7)
  A water moccasin (D:5)
  3 wights (D:7)
  An endoplasm (D:3)
  A giant cockroach (D:1)
  A jackal (D:1)
12 creatures vanquished.

Vanquished Creatures (others)
  An orc warrior (D:8)
  An orc wizard (D:8)
2 creatures vanquished.

Grand Total: 215 creatures vanquished

Notes
Turn   | Place    | Note
-------+----------+-------------------------------------------
     0 | D:1      | innerfire43 the Demonspawn Monk began the quest for the
                  | Orb.
     0 | D:1      | Reached XP level 1. HP: 18/18 MP: 1/1
    52 | D:1      | Reached skill level 3 in Axes
    52 | D:1      | Gained mutation: A weak demonic guardian rushes to your
                  | aid. [demonic ancestry]
    52 | D:1      | Reached XP level 2. HP: 8/24 MP: 2/2
   401 | D:1      | Reached XP level 3. HP: 26/29 MP: 3/3
  1049 | D:2      | Gained mutation: A demonic guardian rushes to your aid.
                  | [demonic ancestry]
  1049 | D:2      | Reached XP level 4. HP: 27/35 MP: 4/4
  1640 | D:3      | Reached skill level 4 in Axes
  1694 | D:3      | Reached XP level 5. HP: 35/42 MP: 5/5
  2108 | D:3      | Noticed Terence
  2120 | D:3      | Killed Terence
  2300 | D:3      | Identified a scroll of acquirement
  2300 | D:3      | Acquired the +1 broad axe of Ligg {flame, *Slow Fly rElec
                  | rPois}
  2398 | D:4      | Found Junwutirr's Armour Shoppe.
  2488 | D:4      | Found a glowing drain.
  2562 | D:4      | Noticed a black bear
  2590 | D:4      | Killed a black bear
  2591 | D:4      | Reached skill level 1 in Armour
  2591 | D:4      | Reached XP level 6. HP: 32/48 MP: 6/6
  2607 | Sewer    | Entered a sewer
  2726 | Sewer    | Noticed Pargi
  2737 | Sewer    | Killed Pargi
  2944 | D:4      | Noticed Ijyb
  2954 | D:4      | Killed Ijyb
  2958 | D:4      | Reached skill level 5 in Axes
  3336 | D:4      | Gained mutation: A meltable shield of frost defends you.
                  | (SH +0) [demonic ancestry]
  3336 | D:4      | Reached XP level 7. HP: 48/55 MP: 7/7
  3487 | D:5      | Entered Level 5 of the Dungeon
  3501 | D:5      | Found Ucuimn's Serpentskin Sales.
  3772 | D:5      | Reached skill level 5 in Fighting
  3772 | D:5      | Reached skill level 6 in Axes
  3849 | D:5      | Gained mutation: You are partially covered in large bone
                  | plates. (SH +4) [demonic ancestry]
  3849 | D:5      | Reached XP level 8. HP: 62/62 MP: 8/8
  4216 | D:6      | Identified the +1 long sword "Demon's Foe" {pain, *Slow
                  | rPois Str-4 Int+5}
  4616 | D:7      | Found a staircase to the Ecumenical Temple.
  4622 | D:7      | Noticed Dowan
  4622 | D:7      | Noticed Duvessa
  4627 | D:7      | Killed Duvessa
  4628 | D:7      | Reached skill level 1 in Shields
  4638 | D:7      | Killed Dowan
  4639 | D:7      | Reached skill level 5 in Armour
  4643 | Temple   | Entered the Ecumenical Temple
  4669 | Temple   | Became a worshipper of Cheibriados the Contemplative
  4669 | Temple   | Reached * piety under Cheibriados
  4669 | Temple   | Reached ** piety under Cheibriados
  4695 | D:7      | Noticed Pikel
  4705 | D:7      | Killed Pikel
  4706 | D:7      | Reached skill level 7 in Axes
  4749 | D:7      | Gained mutation: You have a pair of small horns on your
                  | head. [demonic ancestry]
  4749 | D:7      | Reached XP level 9. HP: 69/69 MP: 9/9
  4800 | D:7      | Found Jeemya's Assorted Antiques.
  4805 | D:7      | Bought a sedimented yellow potion for 27 gold pieces
  4805 | D:7      | Bought a scroll labelled DIMESUT MINWOG for 31 gold pieces
  4805 | D:7      | Bought a scroll labelled GAM FOZA HOOZ for 31 gold pieces
  4805 | D:7      | Bought a golden potion for 27 gold pieces
  4805 | D:7      | Bought a sapphire potion for 27 gold pieces
  4948 | D:7      | Noticed Maggie
  4956 | D:7      | Killed Maggie
  5054 | D:7      | HP: 1/65 [yak (7)]
  5059 | D:7      | Reached skill level 8 in Axes
  5073 | D:7      | HP: 1/71 [wight/+5 trident (9)]
  5256 | D:8      | Reached *** piety under Cheibriados
  5263 | D:8      | Gained mutation: A meltable icy envelope protects you from
                  | harm. (AC +0) [demonic ancestry]
  5263 | D:8      | Reached XP level 10. HP: 73/77 MP: 10/10
  5728 | D:9      | Found a sparkling altar of Nemelex Xobeh.
  5728 | D:9      | Found a sacrificial altar of Ru.
  5728 | D:9      | Found an ancient bone altar of Kikubaaqudgha.
  5746 | D:9      | Found a basalt altar of Yredelemnul.
  5747 | D:9      | Found a hide-covered altar of Uskayaw.
  5777 | D:9      | Found a staircase to the Lair.
  5793 | D:9      | Reached **** piety under Cheibriados
  5844 | D:9      | Reached skill level 9 in Axes
  5970 | D:9      | Found a staircase to the Orcish Mines.
  6201 | D:9      | Found Luocluk's Distillery.
  6416 | Orc:1    | Entered Level 1 of the Orcish Mines
  6496 | Orc:1    | Noticed Nergalle
  6505 | Orc:1    | Mangled by a spectral orc knight

Illustrated notes

Levels and vault maps discovered:
D:1:      dpeg_arrival_castle, layout_basic, serial_forest,
          infiniplex_forest_straight_2, infiniplex_forest_straight_3,
          infiniplex_forest_clump_double, infiniplex_forest_lined_1,
          infiniplex_forest_clump_small, infiniplex_forest_straight_2,
          infiniplex_forest_lined_3_way
D:2:      layout_rooms
D:3:      layout_basic, general_overflow_altar, uniq_terence
D:4:      minmay_chambers_of_fours, layout_loops_ring, gup_sewer_entry_pipe,
          serial_shops, shop, uniq_ijyb
D:5:      layout_basic, guppyfry_shop_venom
D:6:      layout_rooms
D:7:      layout_rooms, minmay_temple_entry_hall, serial_shops,
          nicolae_shop_overgrown_old_shop, uniq_pikel, uniq_maggie, uniq_duvessa
D:8:      layout_cave_pools
D:9:      layout_basic, grunt_temple_overflow_open, lair_entry_dummy,
          serial_shops, shop
Temple:   nicolae_temple_elliptical
Orc:1:    layout_caves, uniq_nergalle, uniq_harold

Skill      XL: |  1  2  3  4  5  6  7  8  9 10 |
---------------+-------------------------------+-----
Axes           | 3 4 5 6 7 8 9 |  9.5
Dodging        | 3 4 |  4.0
Fighting       | 4 5 6 7 |  7.4
Armour         | 1 2 4 5 7 8 |  8.3
Shields        | 2 3 4 |  4.5

Action                     |  1- 3 |  4- 6 |  7- 9 | 10-12 || total
---------------------------+-------+-------+-------+-------++-------
  Melee: Hand axe          |    73 |    58 |       |       ||   131
         War axe           |       |    31 |       |       ||    31
         Broad axe         |       |    76 |   154 |   128 ||   358
         Headbutt          |       |       |    11 |    29 ||    40
  Throw: Javelin           |     4 |     1 |       |       ||     5
    Use: Potion            |     1 |       |     1 |       ||     2
         Scroll            |       |     7 |     5 |       ||    12
   Stab: Sleeping          |       |       |       |     3 ||     3
 Armour: Robe              |    17 |    59 |       |       ||    76
         Troll leather arm |       |    10 |    53 |    44 ||   107
  Dodge: Dodged            |    70 |   125 |   113 |    71 ||   379
  Block: Orb               |       |       |    51 |     6 ||    57
         Buckler           |       |       |       |    96 ||    96

Table legend: (Time is in decaauts)
 A = Elapsed time spent in this place.
 B = Non-inter-level travel time spent in this place.
 C = Inter-level travel time spent in this place.
 D = Time resting spent in this place.
 E = Time spent auto-exploring this place.
 F = Levels seen in this place.
 G = Mean time per level.
                   A        B        C        D        E       F      G
               +--------+--------+--------+--------+--------+-----+--------+
         Total |   7546 |   7169 |    377 |      0 |   5613 |  12 |  628.8 |
       Dungeon |   7088 |   6752 |    336 |      0 |   5393 |   9 |  787.6 |
        Temple |    120 |     79 |     41 |      0 |     60 |   1 |  120.0 |
  Orcish Mines |    122 |    122 |      0 |      0 |      7 |   1 |  122.0 |
         Sewer |    215 |    215 |      0 |      0 |    153 |   1 |  215.0 |
               +--------+--------+--------+--------+--------+-----+--------+

Top non-repeatable levels by time:
     D:9: 1123 daAuts
     D:4: 993 daAuts
     D:1: 913 daAuts
     D:3: 792 daAuts
     D:8: 746 daAuts
     D:7: 745 daAuts
     D:5: 690 daAuts
     D:2: 635 daAuts
     D:6: 446 daAuts
   Sewer: 215 daAuts
   Orc:1: 122 daAuts
  Temple: 120 daAuts
